 Dungeon Crawl Stone Soup version 0.30-a0-702-gdf48620a09 (webtiles) character file.

Game seed: 17337176280750692935

101 Alitron123 the Trooper (level 4, -7/45 HPs)
             Began as a Gargoyle Berserker on Jan 21, 2023.
             Was a Believer of Trog.
             Mangled by Terence
             ... wielding a +1 morningstar of flaming
              (9 damage)
             ... on level 3 of the Dungeon.
             The game lasted 00:03:41 (1706 turns).

Alitron123 the Trooper (Gargoyle Berserker)         Turns: 1706, Time: 00:03:42

Health: -7/45      AC: 10    Str: 25    XL:     4   Next: 75%
Magic:  4/4        EV: 11    Int:  7    God:    Trog [**....]
Gold:   69         SH:  0    Dex:  9    Spells: 3/3 levels left

rFire   . . .      SeeInvis .    k - +1 mace of Income {freeze, Str+2}
rCold   + . .      Faith    .    (no shield)
rNeg    + . .      Spirit   .    g - +0 ring mail
rPois   ∞          Reflect  .    (no helmet)
rElec   +          Harm     .    (no cloak)
rCorr   .          Rampage  .    (no gloves)
Will    .....                    h - +0 pair of boots Stlth
                                 (no amulet)
HPRegen 0.27/turn                i - ring of protection from cold
MPRegen 0.09/turn                (no ring)

@: berserking, very quick
A: sickness immunity, AC +3, negative energy resistance 1, electricity
resistance, torment resistance 1, petrification resistance
a: Renounce Religion, Berserk, Trog's Hand


You were on level 3 of the Dungeon.
You worshipped Trog.
Trog was pleased with you.
You visited 1 branch of the dungeon, and saw 3 of its levels.

You collected 69 gold pieces.

Inventory:

Hand Weapons
 k - the +1 mace of Income (weapon) {freeze, Str+2}
   (You found it on level 2 of the Dungeon)

   Str:       It affects your strength (+2).
Armour
 g - a +0 ring mail (worn)
 h - a +0 pair of boots (worn)
Jewellery
 i - a ring of protection from cold (left hand)
 p - an amulet of the acrobat
Wands
 c - a wand of charming (8)
Scrolls
 a - a scroll of enchant weapon {unknown}
 e - a scroll of identify
 j - a scroll of poison
 o - a scroll of teleportation {unknown}
 q - 2 scrolls of torment {unknown}
Potions
 b - a potion of might
 d - a potion of degeneration {unknown}
 f - a potion of ambrosia
 l - 2 potions of brilliance {unknown}
 m - a potion of curing {unknown}
 n - 2 potions of berserk rage {unknown}


   Skills:
 + Level 4.4 Fighting
 + Level 4.1 Maces & Flails
 + Level 2.6 Armour
 + Level 1.9 Dodging


You had 3 spell levels left.
You didn't know any spells.
Your spell library was empty.

Dungeon Overview and Level Annotations

Branches:
Dungeon (3/15)

Altars:

Annotations:
D:3 Terence


Innate Abilities, Weirdness & Mutations

You are immune to sickness and miasma.
Your stone body is resilient. (AC +3)
You are immune to poison.
You resist negative energy. (rN+)
You are resistant to electric shocks. (rElec)
You are resistant to unholy torment.
You are immune to petrification.


Message History

Trog accepts your kill.
No target in view!
No target in view!
No target in view!
p - an amulet of the acrobat You now have 64 gold pieces (gained 8).
You see here 3 stones.
n - 2 viscous emerald potions (gained 1)
You now have 69 gold pieces (gained 5).
q - 2 scrolls labelled MUNYVI CARPHY Terence the Incautious comes into view.
He is wielding a +1 morningstar of flaming.
Terence shouts!
Terence is nearby!
Found a stone staircase leading up.
Terence hits you with a +1 morningstar of flaming!
Terence burns you.
You hit Terence but do no damage. Terence misses you.
You hit Terence. You freeze Terence.
Terence is moderately wounded.
Terence barely misses you.
You hit Terence. You freeze Terence.
Terence is severely wounded.
Terence hits you but does no damage.
You barely miss Terence.
Terence is severely wounded.
Terence hits you with a +1 morningstar of flaming!
Terence burns you. Terence hits you but does no damage.
You are too injured to fight recklessly!
You are too injured to fight recklessly!
You are too injured to fight recklessly!
You closely miss Terence.
Terence is severely wounded.
Terence hits you with a +1 morningstar of flaming!
* * * LOW HITPOINT WARNING * * *
Terence burns you.
* * * LOW HITPOINT WARNING * * *
A red film seems to cover your vision as you go berserk!
You feel yourself moving faster!
You feel mighty!
Terence hits you with a +1 morningstar of flaming!
You die...

....#.....................
#...................#.....
####...............
####...............
#.......######.....
#.###.....# .... # #.###.#
... #. #.# #. #@#
#....@...<# ####.###### #.
.. ###


You could see Terence.

Vanquished Creatures
  An orc wizard (D:3)
  3 adders
  A worm (D:2)
  3 orcs (D:3)
  7 ball pythons
  7 bats
  2 endoplasms (D:1)
  3 giant cockroaches (D:1)
  4 hobgoblins
  3 frilled lizards (D:1)
  9 kobolds
  2 rats (D:1)
45 creatures vanquished.

Notes
Turn   | Place    | Note
-------+----------+-------------------------------------------
     0 | D:1      | Alitron123 the Gargoyle Berserker began the quest for the
                  | Orb.
     0 | D:1      | Reached XP level 1. HP: 14/14 MP: 1/1
   109 | D:1      | Reached XP level 2. HP: 18/19 MP: 2/2
   414 | D:1      | Reached XP level 3. HP: 24/24 MP: 3/3
   416 | D:1      | Found a faded altar of an unknown god.
   971 | D:2      | Identified the +1 mace of Income {freeze, Str+2}
  1062 | D:2      | Reached ** piety under Trog
  1350 | D:2      | Reached XP level 4. HP: 23/29 MP: 4/4
  1697 | D:3      | Noticed Terence
  1705 | D:3      | HP: 1/30 [Terence/+1 morningstar of flaming (2)]
  1706 | D:3      | Mangled by Terence

Illustrated notes

Levels and vault maps discovered:
D:1:      scummos_arrival_forest, layout_loops_cross, serial_rivers,
          chequers_serial_rivers_room_b, chequers_serial_rivers_micro_e,
          chequers_serial_rivers_small_3, chequers_serial_rivers_micro_a,
          chequers_serial_rivers_small_a, nicolae_ecumenical_snake_handling,
          roderic_cross_of_infinity
D:2:      layout_basic
D:3:      layout_basic, mainiacjoe_overflow_small_starburst, dk_vineyard_2,
          uniq_terence

Skill      XL: |  1  2  3 |
---------------+----------+-----
Fighting       | 4 |  4.4
Maces & Flails | 4 |  4.1
Armour         | |  2.6
Dodging        | |  1.9

Action                   |  1- 3 |  4- 6 || total
-------------------------+-------+-------++-------
Melee: Mace              |   120 |    19 ||   139
Invok: Berserk           |       |     2 ||     2
  Use: Scroll            |       |     5 ||     5
Armor: Animal skin       |    27 |       ||    27
       Ring mail         |    30 |    27 ||    57
Dodge: Dodged            |    77 |     8 ||    85

Table legend: (Time is in decaauts)
 A = Elapsed time spent in this place.
 B = Non-inter-level travel time spent in this place.
 C = Inter-level travel time spent in this place.
 D = Time resting spent in this place.
 E = Time spent auto-exploring this place.
 F = Levels seen in this place.
 G = Mean time per level.
                   A        B        C        D        E       F      G
               +--------+--------+--------+--------+--------+-----+--------+
         Total |   1751 |   1692 |     59 |      0 |   1301 |   3 |  583.7 |
       Dungeon |   1751 |   1692 |     59 |      0 |   1301 |   3 |  583.7 |
               +--------+--------+--------+--------+--------+-----+--------+

Top non-repeatable levels by time:
     D:1: 912 daAuts
     D:2: 548 daAuts
     D:3: 290 daAuts
